 Dungeon Crawl Stone Soup version 0.22-a0-825-ga28c36f (webtiles) character file.

32866 Amnesiac the Thaumaturge (level 13, -13/79 HPs)
             Began as a Mummy Earth Elementalist on July 25, 2018.
             Was a High Priest of Vehumet.
             Shot with an arrow by a centaur warrior (18 damage)
             ... on level 15 of the Dungeon.
             The game lasted 00:32:18 (15771 turns).

Amnesiac the Thaumaturge (MuEE)                    Turns: 15771, Time: 00:32:19

Health: -13/79     AC: 11    Str: 13    XL:     13   Next: 33%
Magic:  5/31       EV: 14    Int: 19    God:    Vehumet [*****.]
Gold:   864        SH:  5    Dex: 13    Spells: 10/40 levels left

rFire    . . .     SeeInvis +   b - +3 short sword (elec)
rCold    + . .     Gourm    .   w - +0 buckler
rNeg     + + +     Faith    +   H - +2 robe "Taca" {rF+ Str+2 Stlth+}
rPois    ∞         Spirit   .   t - +0 helmet
rElec    .         Reflect  .   s - +2 cloak {MR+}
rCorr    .         Harm     .   E - +1 pair of gloves
MR       ++...                  k - +0 pair of boots
Stlth    +++.......             d - amulet of faith
HPRegen  0.23/turn              h - ring of see invisible
MPRegen  0.22/turn              (no ring)

@: about to teleport
A: no food or potions, fire vulnerability, cold resistance 1, negative energy
resistance 3, torment resistance, unbreathing, in touch with death 1
a: Renounce Religion


You were on level 15 of the Dungeon.
You worshipped Vehumet.
Vehumet was extremely pleased with you.
You were not hungry.

You visited 2 branches of the dungeon, and saw 16 of its levels.

You collected 864 gold pieces.

Inventory:

Hand Weapons
 b - a +3 short sword of electrocution (weapon)
 u - a +0 blowgun
Missiles
 v - 31 poisoned needles
 D - 4 curare-tipped needles
 F - 232 stones (quivered)
Armour
 k - a +0 pair of boots (worn)
 q - the +3 leather armour "Heqogets" {Regen+ Int+2}
   (You found it on level 6 of the Dungeon)

   It affects your intelligence (+2).
   It increases your rate of regeneration.
 s - a +2 cloak of magic resistance (worn)
 t - a +0 helmet (worn)
 w - a +0 buckler (worn)
 z - a scarf of repulsion
 E - a +1 pair of gloves (worn)
 H - the +2 robe "Taca" (worn) {rF+ Str+2 Stlth+}
   (You found it on level 11 of the Dungeon)

   It affects your strength (+2).
   It protects you from fire.
   It makes you more stealthy.
Magical Staves
 a - an uncursed staff of wizardry
Jewellery
 d - an amulet of faith (around neck)
 h - a ring of see invisible (left hand)
 l - a +5 amulet of reflection
 m - an uncursed amulet of guardian spirit
Wands
 c - a wand of random effects (41)
 i - a wand of flame (55)
 o - a wand of clouds (7)
 p - a wand of disintegration (23)
 y - a wand of acid (7)
 A - a wand of polymorph (20)
Scrolls
 e - 2 scrolls of noise {!r}
 f - 5 scrolls of identify {!r}
 g - 10 scrolls of remove curse {!r}
 j - 8 scrolls of teleportation {!r}
 n - 5 scrolls of amnesia {!r}
 r - 2 scrolls of fog {!r}
 x - 4 scrolls of magic mapping {!r}
 B - a scroll of enchant armour {!r}
 C - 2 scrolls of immolation {!r}
 G - a scroll of summoning {!r}
 I - a scroll of acquirement {!r, unknown}


   Skills:
 - Level 4.0 Dodging
 - Level 1.5 Stealth
 - Level 4.0 Shields
 + Level 14.4 Spellcasting
 - Level 0.7 Transmutations
 * Level 14.4 Earth Magic
 - Level 4.0 Evocations


You had 10 spell levels left.
You knew the following spells:

 Your Spells              Type           Power        Failure   Level  Hunger
a - Bolt of Magma         Conj/Fire/Erth ####......   5%          5    N/A
b - Passwall              Tmut/Erth      #####...     1%          2    N/A
c - Stone Arrow           Conj/Erth      #####.       1%          3    N/A
d - Lee's Rapid Deconstr  Erth           ######....   1%          5    N/A
e - Petrify               Tmut/Erth      #####...     1%          4    N/A
f - Sandblast             Erth           ######       0%          1    N/A
g - Yara's Violent Unrav  Hex/Tmut       ###.......   28%         5    N/A
w - Irradiate             Conj/Tmut      ###.......   28%         5    N/A

Your spell library contained the following spells:

 Spells                   Type           Power        Failure   Level  Hunger
 Magic Dart               Conj           ##..         1%          1    N/A
 Iskenderun's Mystic Bla  Conj           ##......     13%         4    N/A
 Fulminant Prism          Conj/Hex       ##........   13%         4    N/A
 Dazzling Spray           Conj/Hex       ##....       4%          3    N/A
 Force Lance              Conj/Tloc      ##......     13%         4    N/A
 Searing Ray              Conj           ##....       1%          2    N/A

Dungeon Overview and Level Annotations

Branches:
Dungeon (15/15)            Temple (1/1) D:4            Lair (0/6) D:11
    Orc (0/2) D:9          Vaults (0/5) D:14
 Depths: D:15

Altars:
Ashenzari
Cheibriados
Dithmenos
Elyvilon
Fedhas
Gozag
Hepliaklqana
Kikubaaqudgha
Makhleb
Nemelex Xobeh
Okawaru
Qazlal
Ru
Sif Muna
Trog
Uskayaw
Vehumet
Wu Jian
Xom
Yredelemnul
Zin
The Shining One

Shops:
D:6 =   D:8 =   D:11 ::([

Annotations:
D:6 dig
D:8 Zgarb's ghost, novice GrEE
D:13 exclusion: 2 downstairs


Innate Abilities, Weirdness & Mutations

You do not eat or drink.
Your flesh is vulnerable to fire.
You are immune to poison.
Your flesh is cold resistant. (rC+)
You are immune to negative energy. (rN+++)
You are immune to unholy pain and torment.
You can survive without breathing.
You are in touch with the powers of death.


Message History

Confirm with . or Enter, or press ? or * to list all spells.
Aiming: Bolt of Magma (safe; 5% risk of failure)
Press: ? - help, Shift-Dir - straight line, f/p - wolf spider
Aim: a wolf spider (severely wounded)
The bolt of magma hits the wolf spider.
You kill the wolf spider!
Vehumet accepts your kill.
You feel your power returning.
Unknown command.
Casting: Bolt of Magma (safe; 5% risk of failure)
Confirm with . or Enter, or press ? or * to list all spells.
Aiming: Bolt of Magma (safe; 5% risk of failure)
Press: ? - help, Shift-Dir - straight line, f - two-headed ogre
Aim: a two-headed ogre, wielding a giant spiked club and a giant club The bolt of magma hits the two-headed ogre.
The two-headed ogre is lightly wounded.
Unknown command.
Casting: Bolt of Magma (safe; 5% risk of failure)
Confirm with . or Enter, or press ? or * to list all spells.
Aiming: Bolt of Magma (safe; 5% risk of failure)
Press: ? - help, Shift-Dir - straight line, f/p - two-headed ogre
Aim: a two-headed ogre, wielding a giant spiked club and a giant club (lightly wounded)
The bolt of magma hits the two-headed ogre.
The two-headed ogre is heavily wounded.
The two-headed ogre closely misses you.
The two-headed ogre hits you with a giant club!
Unknown command.
Casting: Bolt of Magma (safe; 5% risk of failure)
Confirm with . or Enter, or press ? or * to list all spells.
You don't have enough magic to cast that spell.
A centaur warrior comes into view.
The centaur warrior wields a glowing shortbow.
The centaur warrior shoots an arrow.
The arrow hits you!
A centaur comes into view. x2
The centaur warrior shoots an arrow.
The arrow hits you!!
* * * LOW HITPOINT WARNING * * *
You hear a shout!
The centaur shouts!
You see here 2 arrows.
Okay, then.
Okay, then.
Okay, then.
Really read
j - 9 scrolls of teleportation {!r}?
As you read the scroll of teleportation {!r}, it crumbles to dust.
You feel strangely unstable.
The centaur shouts!
The two-headed ogre barely misses you.
The two-headed ogre hits you with a giant club.
* * * LOW HITPOINT WARNING * * *
A centaur comes into view.
A centaur comes into view.
The centaur wields a shortbow.
The centaur shoots an arrow.
The arrow misses you.
The centaur wields a shortbow.
The centaur shoots an arrow.
The arrow closely misses you.
The centaur warrior shoots an arrow.
The arrow hits you!
* * * LOW HITPOINT WARNING * * *
The centaur wields a shortbow.
The centaur shoots an arrow.
The arrow hits you!
* * * LOW HITPOINT WARNING * * *
You see here 4 arrows.
The centaur warrior shoots an arrow.
The arrow barely misses you.
The centaur shoots an arrow.
The arrow completely misses you.
The centaur shoots an arrow.
The arrow hits you but does no damage.
The centaur shoots an arrow.
The arrow barely misses you.
The centaur warrior shoots an arrow.
The arrow hits you!!
You die...

...## # ...⌠.# # ......
######## ......###### ###
#......< ...........# ...
...###### ⌠..#...##.#### #(#
#### ##..##....# #..#
######[.. #..#####(##.(####
......... #........O@.....#
...(....W
#...........###.........?.÷
#.......<..####........)...
#..................#........#
###....cc.c...####. ...÷....#
#......c...#### .......()
.......c.......##.#.......).
##...................#.####.
#..................... ...


You could see a centaur warrior, a two-headed ogre and 4 centaurs.

Vanquished Creatures
  Nessos (D:14)
  7 two-headed ogres
  2 centaur warriors
  A hydra (D:15)
  A death knight (D:14)
  A tengu warrior (D:15)
  A skeletal warrior (D:15)
  An unseen horror (D:12)
  2 phantasmal warriors (D:14)
  An orc knight (D:14)
  4 cyclopes
  A wolf spider (shapeshifter) (D:15)
  2 manticores (D:14)
  2 ugly things
  2 centaur zombies
  A gargoyle (D:15)
  Maurice (D:10)
  2 trolls
  Prince Ribbit (D:7)
  14 slime creatures
  3 hippogriffs
  A wyvern (D:12)
  7 yaks
  A wyvern (shapeshifter) (D:14)
  A water elemental (D:11)
  4 hogs (D:7)
  2 basilisks (D:15)
  3 hungry ghosts
  17 humans
  A steam dragon (D:9)
  3 vampire mosquitoes (D:12)
  Menkaure (D:7)
  A soldier ant (D:14)
  An acid dragon (D:15)
  2 hell hounds (D:11)
  4 orc warriors
  2 sky beasts
  An ice beast (D:14)
  2 black bears
  A necrophage (D:9)
  4 phantoms
  An eye of draining (D:12)
  8 ogres
  10 centaurs
  A crocodile (D:9)
  12 big kobolds
  10 bullfrogs
  2 wyvern skeletons
  4 scorpions
  A water moccasin skeleton (D:8)
  A killer bee (shapeshifter) (D:15)
  6 killer bees (D:8)
  6 wights
  3 electric eels (D:11)
  4 howler monkeys
  5 crimson imps
  A bullfrog zombie (D:5)
  8 hounds
  3 jellies
  2 centaur skeletons
  4 orc wizards
  2 bullfrog skeletons
  4 orc priests
  A gnoll shaman (D:8)
  4 iguanas
  13 worker ants
  A howler monkey zombie (D:8)
  2 worker ant zombies
  8 gnolls
  14 adders
  3 howler monkey skeletons
  8 shadow imps
  2 oozes
  An adder zombie (D:5)
  3 worms
  2 dart slugs
  5 leopard geckos
  28 orcs
  13 bats
  8 giant cockroaches
  6 goblins
  4 hobgoblins
  24 jackals
  13 kobolds
  4 quokkas
  10 frilled lizards
  5 rats
390 creatures vanquished.

Notes
Turn   | Place    | Note
-------+----------+-------------------------------------------
     0 | D:1      | Amnesiac the Mummy Earth Elementalist began the quest for the Orb.
     0 | D:1      | Reached XP level 1. HP: 13/13 MP: 4/4
   477 | D:1      | Reached XP level 2. HP: 14/19 MP: 1/5
   607 | D:1      | Learned a level 2 spell: Passwall
  1001 | D:2      | Reached XP level 3. HP: 14/24 MP: 7/7
  1006 | D:2      | Learned a level 3 spell: Stone Arrow
  1385 | D:4      | Noticed a scorpion
  1416 | D:3      | Killed a scorpion
  1416 | D:3      | Reached XP level 4. HP: 8/30 MP: 0/9
  1587 | D:3      | Learned a level 4 spell: Petrify
  1614 | D:4      | Noticed a phantom
  2028 | D:4      | Reached XP level 5. HP: 35/35 MP: 7/11
  2121 | D:4      | Noticed an ogre
  2125 | D:4      | Killed an ogre
  2125 | D:4      | Reached XP level 6. HP: 27/41 MP: 8/13
  2133 | D:4      | Reached skill level 5 in Spellcasting
  2133 | D:4      | Reached skill level 5 in Earth Magic
  2142 | D:4      | Learned a level 5 spell: Lee's Rapid Deconstruction
  2665 | D:4      | Found a staircase to the Ecumenical Temple.
  2672 | Temple   | Entered the Ecumenical Temple
  2753 | Temple   | Became a worshipper of Vehumet
  2797 | D:3      | Reached XP level 7. HP: 44/46 MP: 6/15
  3834 | D:2      | Reached * piety under Vehumet
  3834 | D:2      | Offered knowledge of Flame Tongue by Vehumet.
  4191 | D:2      | Found a shattered altar of Ashenzari.
  4525 | D:3      | Offered knowledge of Throw Frost by Vehumet.
  4535 | D:3      | Reached ** piety under Vehumet
  4550 | D:3      | Found an ancient bone altar of Kikubaaqudgha.
  4880 | D:4      | Found a hazy altar of Hepliaklqana.
  5055 | D:5      | Entered Level 5 of the Dungeon
  5078 | D:5      | Found a shadowy altar of Dithmenos.
  5440 | D:5      | Found a glowing golden altar of the Shining One.
  5466 | D:5      | Reached XP level 8. HP: 49/52 MP: 18/18
  5467 | D:5      | Found an ancient bone altar of Kikubaaqudgha.
  5584 | D:6      | Got a warped leather armour
  5595 | D:6      | Identified the +3 leather armour "Heqogets" {Regen+ Int+2} (You found it on level 6 of the Dungeon)
  5609 | D:6      | Offered knowledge of Throw Flame by Vehumet.
  5617 | D:6      | Found Quuham's Jewellery Shoppe.
  5769 | D:6      | Reached *** piety under Vehumet
  5958 | D:7      | Offered knowledge of Olgreb's Toxic Radiance by Vehumet.
  6310 | D:7      | Found a basalt altar of Yredelemnul.
  6316 | D:7      | Reached XP level 9. HP: 57/57 MP: 14/21
  6370 | D:7      | Noticed Prince Ribbit
  6376 | D:7      | Killed Prince Ribbit
  6495 | D:7      | Reached **** piety under Vehumet
  6776 | D:7      | Noticed Menkaure
  6780 | D:7      | Killed Menkaure
  6795 | D:7      | Offered knowledge of Irradiate by Vehumet.
  6850 | D:6      | Found a shimmering altar of Xom.
  7268 | D:6      | Found a glowing silver altar of Zin.
  7277 | D:6      | Learned a level 5 spell: Irradiate
  7369 | D:8      | Reached skill level 10 in Spellcasting
  7369 | D:8      | Reached skill level 10 in Earth Magic
  7371 | D:8      | Reached skill level 1 in Shields
  7399 | D:8      | Found Ullyemat's Jewellery Shoppe.
  7435 | D:8      | Found an ornate altar of the Wu Jian Council.
  7450 | D:8      | Reached XP level 10. HP: 62/63 MP: 16/24
  7753 | D:8      | Found a stormy altar of Qazlal.
  7786 | D:8      | Reached ***** piety under Vehumet
  7864 | D:8      | Noticed Zgarb's ghost (novice GrEE)
  7866 | D:8      | Found a runed gate.
  7867 | D:8      | Found a runed gate.
  7867 | D:8      | Found a runed gate.
  7989 | D:8      | Noticed a two-headed ogre
  7992 | D:8      | Killed a two-headed ogre
  8289 | D:8      | Offered knowledge of Bolt of Magma by Vehumet.
  8711 | D:9      | Found a staircase to the Orcish Mines.
  8765 | D:9      | Noticed a two-headed ogre
  8769 | D:9      | Killed a two-headed ogre
  8922 | D:9      | You fall through a shaft!
  8922 | D:10     | Entered Level 10 of the Dungeon
  8940 | D:10     | Noticed a two-headed ogre
  8946 | D:10     | Killed a two-headed ogre
  8946 | D:10     | Reached XP level 11. HP: 12/68 MP: 8/26
  9178 | D:10     | Noticed a two-headed ogre
  9297 | D:10     | Noticed Maurice
  9300 | D:10     | Killed Maurice
  9313 | D:10     | Killed a two-headed ogre
  9313 | D:10     | Reached skill level 1 in Evocations
  9408 | D:10     | Learned a level 5 spell: Bolt of Magma
  9803 | D:11     | Found Eshree's Antique Weapon Boutique.
  9860 | D:11     | Found Zuclijun's Armour Shoppe.
 10326 | D:11     | Noticed a cyan ugly thing
 10331 | D:11     | Killed a cyan ugly thing
 10392 | D:11     | Found Achufofu's Book Emporium.
 10401 | D:11     | Found Gagiur's Book Shop.
 10448 | D:11     | Got an ominously black robe
 10471 | D:11     | Identified the +2 robe "Taca" {rF+ Str+2 Stlth+} (You found it on level 11 of the Dungeon)
 10731 | D:11     | Found a staircase to the Lair.
 10795 | D:11     | Noticed a two-headed ogre
 10804 | D:11     | Killed a two-headed ogre
 11053 | D:12     | Noticed a white ugly thing
 11131 | D:12     | Killed a white ugly thing
 11278 | D:12     | Noticed a two-headed ogre
 11292 | D:12     | Killed a two-headed ogre
 11292 | D:12     | Reached XP level 12. HP: 56/74 MP: 10/28
 11293 | D:12     | Offered knowledge of Yara's Violent Unravelling by Vehumet.
 11302 | D:12     | Learned a level 5 spell: Yara's Violent Unravelling
 11605 | D:12     | Reached ****** piety under Vehumet
 12736 | D:13     | Noticed a centaur warrior
 12751 | D:13     | Killed a centaur warrior
 12996 | D:14     | Found a gate to the Vaults.
 12996 | D:14     | Noticed a two-headed ogre
 12996 | D:14     | Noticed a centaur warrior
 12996 | D:14     | Noticed Nessos
 13280 | D:14     | Killed a centaur warrior
 13292 | D:14     | Killed Nessos
 13319 | D:14     | Killed a two-headed ogre
 13330 | D:14     | Offered knowledge of Freezing Cloud by Vehumet.
 13447 | D:14     | Found a sacrificial altar of Ru.
 14203 | D:14     | Gained mutation: You are in touch with the powers of death. [Mummy growth]
 14203 | D:14     | Reached XP level 13. HP: 73/79 MP: 6/30
 14430 | D:15     | Entered Level 15 of the Dungeon
 15771 | D:15     | Shot with an arrow by a centaur warrior

Vault maps used:
D:1:      dpeg_arrival_rhombi, serial_bayou_pond_c
D:2:      wad_river_or_something, marbit_many_paths, guppyfry_early_lair_pool
D:3:      lemuel_crystal_altar, minivault_25
D:4:      lemuel_round_altar, minmay_temple_entry_hall, first_ration
D:5:      grunt_dithmenos_smoke, lemuel_crystal_altar, basic_altar,
          dk_noncrumbling_3, minmay_misc_feat_tower
D:6:      zin_scriptorium, kennysheep_mini, serial_shops, shop
D:7:      nicolae_overflow_hidden_temple, grunt_livestock, uniq_prince_ribbit1,
          uniq_menkaure
D:8:      old_standard_altar, old_standard_altar, gammafunk_ghost_nasty_kobolds,
          serial_shops, shop, patterned_corridor
D:9:      orc_0_dummy
D:10:     nicolae_water_bricks, minmay_misc_feat_diagonals, uniq_maurice
D:11:     minmay_lair_entry_lava, serial_shops, shop, nicolae_shop_crystal,
          nicolae_shop_window_shopping, shop, roderic_batcave
D:12:     kennysheep_kite_vault
D:13:     spider_trap
D:14:     david_vaults_3, minivault_26, lemuel_centaur_altar
D:15:     gammafunk_enter_depths_forms, serial_shops, shop, grunt_ministairs_1
Temple:   nicolae_temple_hex_pool

Skill      XL: |  1  2  3  4  5  6  7  8  9 10 11 12 13 |
---------------+----------------------------------------+-----
Spellcasting   | 3 4 5 6 8 10 11 12 13 14 | 14.4
Earth Magic    | 3 4 5 6 8 10 11 12 13 14 | 14.4
Shields        | 1 4 |  4.0
Evocations     | 3 4 |  4.0
Dodging        | 4 |  4.0
Stealth        | |  1.5
Transmutations | |  0.7

Action                   |  1- 3 |  4- 6 |  7- 9 | 10-12 | 13-15 || total
-------------------------+-------+-------+-------+-------+-------++-------
Melee: Unarmed           |    12 |       |       |       |       ||    12
       Mace              |    49 |    29 |   225 |   245 |       ||   548
       Short sword       |       |       |       |    47 |       ||    47
       Staff             |       |       |       |     1 |       ||     1
Throw: Stone             |       |     2 |       |     2 |       ||     4
 Cast: Sandblast         |    33 |    49 |   109 |    96 |    18 ||   305
       Lee's Rapid Decon |       |       |    26 |   158 |    41 ||   225
       Petrify           |       |       |     1 |    12 |     6 ||    19
       Passwall          |       |       |     2 |     2 |       ||     4
       Bolt of Magma     |       |       |       |       |    11 ||    11
Evoke: Wand              |       |       |     9 |     6 |     2 ||    17
  Use: Scroll            |     1 |     1 |     7 |     6 |     1 ||    16
 Stab: Sleeping          |     3 |     1 |     7 |     1 |       ||    12
       Distracted        |       |       |     1 |       |       ||     1
       Petrified         |       |       |       |    17 |       ||    17
Armor: Robe              |    22 |    10 |    43 |    53 |     1 ||   129
       Leather armour    |       |       |    37 |    88 |       ||   125
Dodge: Dodged            |    52 |    35 |   199 |   239 |    18 ||   543
Block: Buckler           |       |       |       |    66 |     1 ||    67

Table legend:
 A = Spawn XP
 B = Non-spawn XP
 C = Spawn XP percentage of total XP
 D = Spawn monster count
 E = Non-spawn monster count
 F = Spawn count percentage of total count
 G = Total turns spent on level
                    A         B        C        D         E        F      G
               +---------+---------+-------+---------+---------+-------+---------
         Total |       0 |   46952 |   0.0 |       0 |     390 |   0.0 | 15771
               +---------+---------+-------+---------+---------+-------+---------
           D:1 |       0 |      44 |   0.0 |       0 |      23 |   0.0 |  1458
           D:2 |       0 |     110 |   0.0 |       0 |      30 |   0.0 |  1152
           D:3 |       0 |     270 |   0.0 |       0 |      16 |   0.0 |  1114
           D:4 |       0 |     590 |   0.0 |       0 |      20 |   0.0 |  1227
           D:5 |       0 |     572 |   0.0 |       0 |      17 |   0.0 |   524
           D:6 |       0 |    1103 |   0.0 |       0 |      30 |   0.0 |   873
           D:7 |       0 |    2200 |   0.0 |       0 |      27 |   0.0 |   912
           D:8 |       0 |    3126 |   0.0 |       0 |      38 |   0.0 |  1006
           D:9 |       0 |    2719 |   0.0 |       0 |      25 |   0.0 |   977
          D:10 |       0 |    4538 |   0.0 |       0 |      27 |   0.0 |   758
          D:11 |       0 |    3657 |   0.0 |       0 |      24 |   0.0 |   943
          D:12 |       0 |    7591 |   0.0 |       0 |      41 |   0.0 |  1106
          D:13 |       0 |    1440 |   0.0 |       0 |       7 |   0.0 |  1101
          D:14 |       0 |   12464 |   0.0 |       0 |      47 |   0.0 |  2202
          D:15 |       0 |    6528 |   0.0 |       0 |      18 |   0.0 |   314
               +---------+---------+-------+---------+---------+-------+---------
